 Dungeon Crawl Stone Soup version 0.25.1-2-g60ff931df9 (webtiles) character file.

Game seed: 2455842528566890468

59 Doot the Chiller (level 3, -6/28 HPs)
             Began as a Draconian Ice Elementalist on Aug 27, 2020.
             Mangled by a worm (8 damage)
             ... on level 2 of the Dungeon.
             The game lasted 00:03:40 (1876 turns).

Doot the Chiller (Draconian Ice Elementalist)       Turns: 1876, Time: 00:03:40

Health: -6/28      AC:  5    Str: 10    XL:     3   Next: 78%
Magic:  2/6        EV: 12    Int: 16    God:
Gold:   64         SH:  0    Dex: 11    Spells: 3/7 levels left

rFire    . . .     SeeInvis .   c - +0 short sword
rCold    . . .     Gourm    .   (no shield)
rNeg     . . .     Faith    .   (armour unavailable)
rPois    .         Spirit   .   (helmet restricted)
rElec    .         Reflect  .   (no cloak)
rCorr    .         Harm     .   (no gloves)
MR       .....                  (no boots)
Stlth    ++........             (no amulet)
HPRegen  0.09/turn              (no ring)
MPRegen  0.10/turn              (no ring)

@: no status effects
A: unfitting armour, cold-blooded, AC +5
a: no special abilities


You were on level 2 of the Dungeon.
You were not hungry.

You visited 1 branch of the dungeon, and saw 2 of its levels.

You collected 64 gold pieces.

Inventory:

Hand Weapons
 c - a +0 short sword (weapon)
Jewellery
 h - a +6 ring of strength {unknown}
Scrolls
 d - a scroll of enchant armour {unknown}
 e - 2 scrolls of identify {unknown}
 f - a scroll of teleportation {unknown}
 g - a scroll of random uselessness {unknown}
Potions
 i - 3 potions of might {unknown}
 j - a potion of lignification {unknown}
 k - a potion of haste {unknown}
Comestibles
 a - a chunk of flesh
 b - 4 rations


   Skills:
 + Level 1.0 Fighting
 + Level 1.8 Dodging
 + Level 1.9 Stealth
 + Level 2.6 Spellcasting
 + Level 4.9 Ice Magic


You had 3 spell levels left.
You knew the following spells:

 Your Spells              Type           Power        Failure   Level  Hunger
a - Freeze                Ice            ###.         2%          1    #......
b - Frozen Ramparts       Ice            ###...       8%          3    ###....

Your spell library contained the following spells:

 Spells                   Type           Power        Failure   Level  Hunger
 Ozocubu's Armour         Chrm/Ice       #.......     22%         3    ###....
 Hailstorm                Conj/Ice       #.......     56%         4    #####..
 Summon Ice Beast         Ice/Summ       #.......     56%         4    #####..


Dungeon Overview and Level Annotations

Branches:
Dungeon (2/15)

Altars:

Annotations:
D:2 1 runed translucent door, Crazy Yiuf


Innate Abilities, Weirdness & Mutations

Your plain brown scales are hard. (AC +5)
You cannot fit into any form of body armour.
You are cold-blooded and may be slowed by cold attacks.


Message History

Casting: Freeze (safe; 2% risk of failure)
Confirm with . or Enter, or press ? or * to list all spells.
You don't have enough magic to cast that spell.
Unknown command.
A quokka comes into view.
You closely miss the quokka. The quokka closely misses you.
The quokka bites you. The quokka bites you.
* * * LOW HITPOINT WARNING * * *
The quokka bites you but does no damage.
You open the door.
A hobgoblin comes into view. It is wielding a -3 club.
The quokka bites you.
* * * LOW HITPOINT WARNING * * *
The quokka closely misses you. The worm bites you.
* * * LOW HITPOINT WARNING * * *
The quokka barely misses you. The worm bites you!
You die...

♣♣♣♣♣## ##### ###
♣♣♣.♣..#. #...#
#...#♣..♣..... #...#
#...+.♣♣♣♣....
#######...# #)..#♣♣
♣♣.#. .....g'...# ###
♣♣## #....##...# # #..
#.wr# # #..@####
#......########
###....#.......######
................'.....
####.##.#.......######
#.##.#.......#
#.##.#.......#
#.#..#.......#
.##.......#


You could see a worm, a quokka and a hobgoblin (asleep).

Vanquished Creatures
  An adder (D:2)
  A worm (D:2)
  2 dart slugs (D:1)
  8 giant cockroaches
  4 hobgoblins
  7 jackals (D:1)
  6 kobolds
  A ball python (D:1)
  2 bats (D:1)
  A frilled lizard (D:1)
  A goblin (D:2)
  3 rats
37 creatures vanquished.

Notes
Turn   | Place    | Note
-------+----------+-------------------------------------------
     0 | D:1      | Doot the Draconian Ice Elementalist began the quest for the
                  | Orb.
     0 | D:1      | Reached XP level 1. HP: 14/14 MP: 3/3
    82 | D:1      | Reached XP level 2. HP: 4/20 MP: 0/5
   808 | D:1      | Reached XP level 3. HP: 19/26 MP: 1/6
  1001 | D:1      | Learned a level 3 spell: Frozen Ramparts
  1546 | D:2      | Reached skill level 1 in Fighting
  1628 | D:2      | Found a runed translucent door.
  1629 | D:2      | Noticed Crazy Yiuf
  1876 | D:2      | Mangled by a worm

Illustrated notes

Levels and vault maps discovered:
D:1:      wander_arrival_desolate, layout_rooms, minmay_worlds_worst_comb
D:2:      layout_basic, uniq_jessica, uniq_crazy_yiuf_cottage

Skill      XL: |  1  2  3 |
---------------+----------+-----
Fighting       | 1 |  1.0
Dodging        | |  1.8
Stealth        | |  1.9
Spellcasting   | |  2.6
Ice Magic      | |  4.9

Action                   || total
-------------------------++-------
Melee: Short sword       ||    11
 Cast: Freeze            ||    66
       Frozen Ramparts   ||     4
 Stab: Sleeping          ||     1
  Eat: Chunk             ||     4
Armor: Skin              ||    27
Dodge: Dodged            ||    39
